Map: Daybreak LE (Void)

Players

ShoWTimE - Winner!

  • Race: Protoss Protoss
  • Spawn Location: 7:00

iGXY (XY)

  • Race: Terran Terran
  • Spawn Location: 1:00

Event: WESG 2016 Finals

VOD

Have the link to the VOD?

Description

Time

  • Played on: Jan. 14, 2017, 2:10 a.m.
  • Length: 16:43

All games in this series

Show
View Real Time Build Order
Export as new Build Order

ShoWTimE Protoss - Winner!

Build Orders: 1 Gate Expand, Blink Stalkers, Colossus Rush 

Get SALT Encoding   

  12  0:00  Probe (Chrono Boost)  
  13  0:11  Probe (Chrono Boost)  
  14  0:18  Pylon  
  14  0:22  Probe (Chrono Boost)  
  15  0:36  Probe (Chrono Boost)  
  15  0:37  Gateway  
  16  0:43  Assimilator  
  16  0:47  Probe (Chrono Boost)  
  17  0:57  Probe (Chrono Boost)  
  18  1:08  Probe (Chrono Boost)  
  19  1:23  Nexus  
  19  1:25  Probe (Chrono Boost)  
  20  1:33  Cybernetics Core  
  20  1:37  Probe (Chrono Boost)  
  21  1:43  Assimilator  
  21  1:48  Probe (Chrono Boost)  
  21  1:53  Pylon  
  22  1:59  Probe (Chrono Boost)  
  23  2:12  Mothership Core (Chrono Boost)  
  25  2:16  Warp Gate  
  25  2:18  Adept  
  28  2:31  Probe (Chrono Boost)  
  28  2:35  Probe (Chrono Boost)  
  29  2:41  Robotics Facility, Adept  
  29  2:43  Probe (Chrono Boost)  
  30  2:46  Probe (Chrono Boost)  
  33  2:56  Probe x2 (Chrono Boost)  
  35  3:02  Twilight Council  
  35  3:07  Probe x2 (Chrono Boost)  
  37  3:17  Probe (Chrono Boost)  
  37  3:18  Probe (Chrono Boost)  
  37  3:19  Gateway  
  39  3:24  Gateway  
  39  3:26  Observer  
  39  3:29  Probe (Chrono Boost)  
  39  3:30  Probe (Chrono Boost)  
  39  3:31  Blink  
  42  3:35  Pylon  
  42  3:41  Probe (Chrono Boost), Assimilator  
  44  3:42  Probe (Chrono Boost)  
  44  3:52  Assimilator  
  44  3:53  Probe (Chrono Boost)  
  44  3:55  Probe (Chrono Boost), Observer  
  46  4:00  Pylon  
  47  4:05  Probe (Chrono Boost)  
  47  4:07  Probe (Chrono Boost)  
  50  4:18  Probe (Chrono Boost)  
  50  4:19  Probe (Chrono Boost), Stalker x2  
  50  4:20  Stalker  
  57  4:26  Pylon  
  57  4:30  Probe (Chrono Boost)  
  57  4:31  Pylon  
  58  4:35  Warp Prism  
  58  4:36  Probe (Chrono Boost)  
  59  4:42  Probe (Chrono Boost)  
  62  4:47  Robotics Bay  
  62  4:55  Probe x2 (Chrono Boost)  
  62  4:57  Stalker  
  66  5:04  Stalker  
  68  5:08  Pylon  
  68  5:09  Observer  
  68  5:10  Probe x2 (Chrono Boost)  
  71  5:21  Nexus  
  71  5:24  Probe (Chrono Boost)  
  71  5:27  Pylon  
  73  5:28  Probe (Chrono Boost)  
  73  5:31  Colossus  
  75  5:36  Probe (Chrono Boost)  
  75  5:37  Extended Thermal Lance  
  80  5:54  Probe x2 (Chrono Boost)  
  80  5:55  Gateway  
  82  5:57  Gateway  
  82  6:01  Gateway  
  82  6:03  Sentry  
  84  6:04  Resonating Glaives  
  84  6:09  Probe (Chrono Boost)  
  84  6:10  Probe (Chrono Boost)  
  86  6:17  Sentry  
  88  6:18  Pylon  
  88  6:22  Probe (Chrono Boost)  
  88  6:23  Colossus  
  85  6:30  Probe (Chrono Boost)  
  92  6:37  Probe (Chrono Boost), Adept x2  
  97  6:40  Probe (Chrono Boost)  
  97  6:43  Pylon  
  99  6:48  Probe (Chrono Boost), Pylon  
  99  6:52  Forge  
  99  6:53  Forge  
  100  6:55  Probe (Chrono Boost)  
  100  6:57  Probe (Chrono Boost), Assimilator  
  100  7:00  Adept  
  100  7:01  Assimilator, Adept  
  105  7:10  Colossus  
  105  7:12  Probe (Chrono Boost)  
  105  7:13  Probe (Chrono Boost), Pylon  
  105  7:15  Protoss Ground Armor Level 1, Protoss Ground Weapons Level 1  
  107  7:19  Adept x3  
  119  7:29  Photon Cannon  
  119  7:33  Pylon, Adept x2  
  123  7:42  Adept x3  
  129  7:45  Pylon  
  129  7:49  Adept  
  131  7:54  Probe (Chrono Boost)  
  131  7:55  Photon Cannon  
  131  7:56  Adept  
  131  7:57  Adept  
  136  8:00  Disruptor  
  136  8:10  Stalker x3  
  145  8:19  Nexus  
  141  8:23  Pylon  
  141  8:24  Adept x2  
  141  8:25  Adept  
  145  8:32  Gateway  
  145  8:34  Disruptor, Gateway  
  145  8:37  Pylon  
  142  8:41  Adept x2  
  146  8:50  Pylon  
  146  8:54  Nexus  
  146  8:59  Stalker  
  146  9:00  Stalker  
  150  9:09  Adept x3  
  154  9:18  Disruptor  
  154  9:19  Adept  
  124  9:24  Adept x2  
  124  9:30  Adept x3  
  124  9:39  Probe x2 (Chrono Boost)  
  124  9:42  Protoss Ground Armor Level 2  
  124  9:45  Robotics Facility, Protoss Ground Weapons Level 2  
  125  9:46  Colossus  
  125  9:47  Probe (Chrono Boost), Sentry x3  
  125  9:50  Dark Shrine  
  131  9:55  Adept  
  139  10:13  Stalker  
  139  10:14  Stalker, Adept x2  
  145  10:17  Probe x2 (Chrono Boost)  
  145  10:19  Adept  
  142  10:34  Colossus  
  131  10:36  Stalker x2  
  131  10:37  Stalker, Adept x3  
  131  10:39  Adept  
  151  10:47  Probe x2 (Chrono Boost)  
  153  10:51  Colossus  
  153  10:54  Probe (Chrono Boost)  
  153  10:56  Probe (Chrono Boost), Sentry  
  163  10:57  Sentry x3  
  163  11:02  Stalker x2  
  173  11:12  Stalker x2  
  177  11:20  Pylon, Stalker x3  
  177  11:21  Stalker  
  184  11:32  Stalker x2  
  182  11:46  Colossus  
  152  11:47  Stalker x3, Adept x3  
  155  11:59  Adept x2  
  130  12:10  Colossus  
  130  12:11  Assimilator  
  130  12:12  Adept x2  
  130  12:15  Assimilator  
  140  12:20  Dark Templar  
  140  12:21  Adept  
  140  12:22  Zealot x4  
  152  12:37  Dark Templar, Adept  
  152  12:38  Disruptor, Pylon  
  159  12:45  Pylon  
  159  12:48  Adept x5  
  169  12:54  Stalker  
  169  13:04  Sentry  
  155  13:06  Nexus  
  155  13:09  Pylon  
  155  13:11  Disruptor x2  
  161  13:20  Pylon  
  161  13:21  Pylon  
  161  13:25  Stalker x5, Adept  
  161  13:26  Adept  
  175  13:28  Protoss Ground Armor Level 3, Protoss Ground Weapons Level 3  
  173  13:46  Disruptor  
  168  13:53  Stalker x2  
  172  14:09  Stalker x4, Adept x2  
  144  14:18  Probe (Chrono Boost)  
  144  14:22  Stalker x2  
  146  14:24  Disruptor  
  146  14:39  Dark Templar x2  
  146  14:40  Adept x2  
  148  15:02  Stalker x6  
  148  15:05  Immortal  
  158  15:07  Assimilator  
  158  15:11  Assimilator  
  158  15:13  Immortal  
  166  15:15  Photon Cannon  
  166  15:18  Photon Cannon  
  166  15:22  Pylon  
  161  15:32  Stalker x3  
  161  15:33  Stalker, Adept  
  166  15:39  Immortal  
  166  15:40  Adept x2  
  170  15:47  Adept  
  176  15:53  Observer  
  176  15:54  Adept  
  176  15:56  Adept x3  
  176  15:57  Dark Templar  
  179  16:01  Adept x2  
  166  16:07  Mothership Core (Chrono Boost)  
  162  16:14  Adept  
  164  16:23  Adept x6  
  174  16:31  Stalker  
  174  16:40  Stalker  
Show
View Real Time Build Order
Export as new Build Order

iGXY Terran 

Build Orders: Reaper Expand, MMM Bio 

Get SALT Encoding   

  12  0:00  SCV  
  13  0:12  SCV  
  14  0:17  Supply Depot  
  14  0:24  SCV  
  15  0:39  SCV  
  15  0:41  Barracks  
  16  0:44  Refinery  
  16  0:51  SCV  
  17  1:03  SCV  
  18  1:15  SCV  
  19  1:28  Reaper  
  19  1:29  Orbital Command  
  20  1:43  Command Center  
  20  1:52  Supply Depot  
  20  1:54  SCV  
  20  2:01  Barracks Reactor  
  21  2:06  SCV  
  22  2:19  SCV  
  23  2:26  Command Center  
  23  2:31  SCV  
  23  2:36  Barracks  
  24  2:40  Marine x2  
  24  2:44  SCV  
  27  2:55  Orbital Command  
  27  2:56  SCV  
  28  2:59  Marine  
  28  3:00  Marine  
  30  3:08  SCV  
  30  3:11  Barracks  
  31  3:17  Marine  
  31  3:18  Marine  
  32  3:20  SCV x2  
  32  3:23  Barracks Tech Lab  
  34  3:32  SCV  
  34  3:33  SCV  
  36  3:35  Marine x2  
  36  3:39  Orbital Command  
  38  3:42  Marine, Stimpack  
  38  3:44  SCV  
  38  3:45  SCV  
  41  3:53  Marine x2  
  43  3:56  SCV  
  43  3:59  Marine, Factory  
  43  4:00  SCV  
  46  4:06  SCV  
  46  4:07  Engineering Bay  
  48  4:10  SCV  
  48  4:11  Marine  
  48  4:13  Refinery  
  48  4:15  Refinery  
  48  4:16  Refinery, SCV  
  50  4:17  Barracks Tech Lab  
  50  4:19  SCV  
  50  4:22  SCV  
  52  4:28  Marine x2, SCV  
  52  4:30  Supply Depot  
  55  4:31  SCV  
  55  4:34  Terran Infantry Weapons Level 1, SCV  
  57  4:40  SCV  
  57  4:43  SCV  
  57  4:45  Marine x2, Starport  
  59  4:51  Marine  
  59  4:52  Supply Depot x2, SCV x2  
  64  4:55  SCV  
  64  4:56  Factory Reactor  
  64  4:58  Marine  
  66  5:04  SCV x2  
  68  5:07  SCV  
  68  5:08  Missile Turret  
  68  5:12  Combat Shields  
  68  5:14  Marauder  
  71  5:16  SCV  
  71  5:17  SCV  
  71  5:20  Marauder  
  75  5:22  Supply Depot  
  75  5:25  SCV  
  75  5:28  Barracks  
  76  5:35  Marauder  
  77  5:40  SCV  
  77  5:41  Marauder  
  77  5:42  Barracks  
  77  5:44  Marine x2  
  77  5:45  Factory Reactor, Medivac, Concussive Shells  
  77  5:48  Medivac  
  83  5:52  SCV x2  
  83  5:56  Supply Depot  
  85  5:58  SCV  
  85  6:02  Marauder, Marine x2  
  85  6:03  Marauder  
  90  6:05  SCV  
  90  6:11  SCV  
  90  6:12  SCV  
  90  6:18  SCV  
  92  6:20  Marine  
  92  6:22  Marine x2  
  92  6:23  Marauder, SCV  
  94  6:30  Marauder, SCV  
  96  6:33  Terran Infantry Armor Level 1  
  96  6:40  Barracks Tech Lab  
  96  6:43  Orbital Command  
  96  6:44  SCV  
  96  6:45  Marauder  
  99  6:47  Factory Reactor  
  99  6:48  Marine x2  
  99  6:53  Supply Depot, Marine x2  
  99  6:54  Marauder, SCV  
  106  7:03  Medivac  
  106  7:07  Marine, Starport  
  109  7:12  Supply Depot, Refinery  
  109  7:14  Medivac, Marine x2, Marauder x2, Refinery  
  117  7:30  Supply Depot  
  117  7:31  Supply Depot  
  117  7:32  Supply Depot  
  117  7:33  Marauder, Viking, Marine x2, SCV  
  117  7:36  Marauder x2  
  128  7:44  Viking  
  128  7:45  Armory  
  130  7:52  Supply Depot  
  130  7:53  Missile Turret  
  130  7:55  Marauder, Viking x2  
  130  7:57  Marauder x2  
  140  8:03  Viking  
  140  8:04  Marine  
  140  8:05  Marine x2  
  145  8:12  Supply Depot x2  
  145  8:16  Marauder  
  145  8:19  Marauder x2, Marine  
  152  8:22  Marine, Ghost Academy  
  152  8:26  Viking x3  
  158  8:33  Marine x2  
  160  8:36  Marine  
  160  8:37  Marauder  
  160  8:39  Viking  
  160  8:40  Marauder x2  
  160  8:41  Terran Infantry Weapons Level 2  
  168  8:47  Terran Ship Weapons Level 1  
  168  8:50  Marine  
  168  8:51  Marine  
  170  8:56  Viking  
  170  8:57  Marine x2  
  170  8:59  Marauder  
  170  9:01  Marauder  
  178  9:05  Engineering Bay  
  178  9:09  Supply Depot  
  178  9:10  Supply Depot  
  170  9:19  Marine, Liberator x2  
  170  9:20  Marauder  
  170  9:21  Marine x2  
  170  9:22  Marine x2  
  170  9:23  Marauder  
  117  9:34  Widow Mine  
  117  9:37  Marine  
  117  9:38  Liberator x2  
  116  9:39  Marine x2  
  116  9:40  Marine  
  116  9:41  Marauder x2  
  116  9:44  Marauder  
  125  9:46  Terran Infantry Armor Level 2  
  125  9:55  Command Center, Marine  
  125  9:57  Marine x2  
  125  9:58  Marine  
  135  10:01  Ghost  
  135  10:02  Marine, Liberator  
  135  10:03  Widow Mine  
  135  10:05  Marine  
  141  10:13  Marine  
  142  10:15  Marine x2  
  142  10:16  Marine  
  142  10:20  Liberator  
  142  10:21  Marauder  
  150  10:23  Marauder  
  151  10:34  Ghost, Liberator  
  151  10:35  Marine x2  
  151  10:38  Marine x2  
  151  10:40  Missile Turret  
  151  10:41  Ghost  
  154  10:45  Marauder  
  156  10:53  Marine x2  
  156  10:55  Marine, SCV x3  
  156  10:56  Marine  
  166  11:04  Marauder  
  168  11:06  Marauder  
  168  11:07  SCV x2  
  168  11:10  Marauder, Liberator x2  
  168  11:11  Marine x2  
  167  11:14  Marine x2  
  169  11:21  Planetary Fortress  
  169  11:25  Marauder  
  166  11:28  Marauder  
  166  11:29  Marine x2  
  166  11:32  Marauder, Marine x2  
  165  11:46  Marauder, Marine  
  165  11:47  Marine  
  137  11:48  Marine  
  137  11:50  Marine x2  
  137  11:51  SCV  
  137  11:53  Marauder  
  131  11:58  SCV  
  122  12:04  Marine x2  
  122  12:07  Marauder, Marine  
  122  12:08  Marine x2  
  126  12:13  SCV  
  126  12:15  Marauder  
  129  12:17  SCV  
  129  12:21  Viking  
  129  12:22  Marine x2  
  131  12:25  Medivac, Marine x2  
  131  12:26  Marine  
  131  12:27  SCV  
  131  12:28  Liberator x2  
  138  12:30  SCV x2  
  138  12:32  Marauder  
  138  12:35  Marine  
  143  12:39  SCV  
  143  12:40  Marine  
  143  12:42  Marine, SCV  
  143  12:43  Marauder  
  149  12:48  Marine x2  
  157  12:53  SCV x2  
  157  13:00  Marauder, Marine, Missile Turret  
  157  13:04  Marine x2  
  154  13:06  Marine  
  154  13:08  Medivac  
  154  13:09  Medivac  
  159  13:15  Marine  
  159  13:18  Marine x2  
  162  13:24  Missile Turret  
  162  13:25  Marauder x3  
  162  13:26  Marine  
  169  13:28  Medivac x2  
  169  13:33  Marine  
  174  13:34  Liberator  
  174  13:38  Medivac  
  174  13:41  Liberator  
  166  13:59  Liberator  
  166  14:04  Liberator  
  166  14:09  Marauder, Marine  
  134  14:14  Marauder x2  
  134  14:15  Marine x2  
  111  14:18  Marine  
  115  14:25  Command Center  
  115  14:26  Marine  
  115  14:30  Marauder  
  115  14:33  Marine x2  
  115  14:35  Marine x2  
  115  14:36  Marine  
  115  14:37  Refinery  
  118  14:42  SCV  
  118  14:44  Marine  
  120  14:51  Marine x2  
  120  14:52  Marauder  
  116  14:53  Marauder, Marine  
  116  14:54  SCV  
  116  14:58  Marine  
  114  15:02  Marine  
  114  15:06  Viking  
  114  15:09  Marine x2  
  114  15:11  Marauder  
  114  15:12  Viking  
  114  15:13  Marauder  
  111  15:33  Marauder x2, Marine x2  
  111  15:35  Marine x2  
  114  15:37  Marine  
  110  15:51  Marine x2  
  110  15:53  Marine x2  
  110  15:54  Marine x2  
  110  15:55  Marauder  
  102  16:09  Marine x2  
  102  16:10  Marine  
  102  16:11  Marine  
  101  16:12  Marauder  
  95  16:21  Marine  
  95  16:23  Marine  
Tags
 
Add a new tag
Caveats
  • Supply blocks, unpowered buildings, or Contaminate may cause inaccurate times.
  • Supply counts are checked every 10 seconds.